 Dungeon Crawl Stone Soup version 0.25-b1-23-ge2ad7d536c (webtiles) character file.

Game seed: 1004494922897602271, levelgen mode: deterministic

74 diana the Shield-Bearer (level 4, -2/35 HPs)
             Began as a Demonspawn Fighter on June 3, 2020.
             Slain by a hobgoblin
             ... wielding a +0 club
             ... led by Robin
              (3 damage)
             ... on level 2 of the Dungeon.
             The game lasted 00:01:44 (1536 turns).

diana the Shield-Bearer (Demonspawn Fighter)        Turns: 1536, Time: 00:01:45

Health: -2/35      AC: 11    Str: 17    XL:     4   Next: 9%
Magic:  0/4        EV:  2    Int:  9    God:
Gold:   161        SH:  9    Dex: 13    Spells: 3/3 levels left

rFire    . . .     SeeInvis .   a - +0 long sword
rCold    + . .     Gourm    .   c - +0 kite shield
rNeg     . . .     Faith    .   k - +0 plate armour
rPois    .         Spirit   +   (no helmet)
rElec    .         Reflect  .   (no cloak)
rCorr    .         Harm     .   (no gloves)
MR       .....                  (no boots)
Stlth    ..........             i - amulet of regeneration
HPRegen  0.51/turn              o - ring of protection from cold (curse)
MPRegen  0.09/turn              (no ring)

@: no status effects
A: powered by death 1, magic shield
a: no special abilities


You were on level 2 of the Dungeon.
You were hungry.

You visited 1 branch of the dungeon, and saw 2 of its levels.

You collected 161 gold pieces.

Inventory:

Hand Weapons
 a - a +0 long sword (weapon)
Armour
 b - a +0 scale mail
 c - a +0 kite shield (worn)
 k - a +0 plate armour (worn)
Jewellery
 i - an amulet of regeneration (around neck)
 o - a cursed ring of protection from cold (left hand)
 r - an uncursed amulet of reflection {unknown}
 u - an uncursed ring of protection from cold
Scrolls
 j - 3 scrolls of teleportation {unknown}
 l - a scroll of immolation {unknown}
 m - a scroll of identify {unknown}
 q - a scroll of noise {unknown}
 s - a scroll of remove curse {unknown}
 t - a scroll of enchant weapon {unknown}
Potions
 d - a potion of might
 e - a potion of degeneration {unknown}
 h - a potion of haste {unknown}
 n - a potion of curing {unknown}
 p - 2 potions of brilliance {unknown}
 v - a potion of stabbing {unknown}
Comestibles
 f - 4 rations
 g - 2 chunks of flesh


   Skills:
 - Level 3.0 Fighting
 + Level 2.5 Long Blades
 + Level 3.1 Armour
 * Level 3.8 Shields


You had 3 spell levels left.
You didn't know any spells.
Your spell library was empty.

Dungeon Overview and Level Annotations

Branches:
Dungeon (2/15)

Altars:
Ru

Annotations:
D:2 Robin


Innate Abilities, Weirdness & Mutations

You regenerate a little health from kills.
When hurt, damage is shared between your health and your magic reserves.


Message History

Robin roars a battlecry!
The goblin goes into a battle-frenzy!
You block the goblin's attack. The goblin hits you but does no damage.
The goblin barely misses you. The hobgoblin hits you with a +0 club.
* * * LOW HITPOINT WARNING * * *
The hobgoblin hits you with a +0 club!
* * * LOW HITPOINT WARNING * * *
Your plate armour prevents you from hitting the goblin.
The goblin is moderately wounded.
You block the goblin's attack.
The goblin hits you but does no damage. x2
Robin hits you but does no damage.
The goblin hits you but does no damage. x3
The hobgoblin hits you but does no damage. x2
The goblin hits you but does no damage. x2
You closely miss the goblin.
The goblin is moderately wounded.
You block the goblin's attack. Robin hits you but does no damage.
You block the goblin's attack. The goblin hits you.
* * * LOW HITPOINT WARNING * * *
The goblin barely misses you. The hobgoblin hits you with a +0 club.
You die...

#..........#..#
###
#..........##.##
#############..#
##.## #..# ##.##
##..####
#.gggl.#
#gg@gg.#
#.gggg.#
#.Kbg......
#...%...###
####..#.# #.#.#
.# # .. #..


You could see Robin, 2 hobgoblins, 9 goblins, a bat, a kobold and a frilled
lizard.

Vanquished Creatures
  An adder (D:2)
  3 worms (D:2)
  3 dart slugs
  2 leopard geckos (D:1)
  7 ball pythons
  A giant cockroach (D:2)
  2 goblins (D:2)
  6 hobgoblins
  4 jackals (D:1)
  3 kobolds (D:1)
  6 bats
  2 frilled lizards (D:1)
  8 rats
48 creatures vanquished.

Notes
Turn   | Place    | Note
-------+----------+-------------------------------------------
     0 | D:1      | diana the Demonspawn Fighter began the quest for the Orb.
     0 | D:1      | Reached XP level 1. HP: 18/18 MP: 1/1
   256 | D:1      | Gained mutation: You regenerate a little health from kills.
                  | [demonic ancestry]
   256 | D:1      | Reached XP level 2. HP: 24/24 MP: 2/2
   786 | D:1      | Reached XP level 3. HP: 29/29 MP: 3/3
  1323 | D:2      | Found a sacrificial altar of Ru.
  1410 | D:2      | Gained mutation: When hurt, damage is shared between your
                  | health and your magic reserves. [demonic ancestry]
  1410 | D:2      | Reached XP level 4. HP: 27/35 MP: 4/4
  1516 | D:2      | Noticed Robin
  1536 | D:2      | HP: 1/35 [goblin[Robin] (3)]
  1536 | D:2      | Slain by a hobgoblin

Illustrated notes

Levels and vault maps discovered:
D:1:      onia_arrival_handbag, layout_basic
D:2:      layout_basic, nicolae_ru_sacrificial_ziggurat, first_ration,
          minmay_shallow_snake_nest, uniq_robin

Skill      XL: |  1  2  3 |
---------------+----------+-----
Long Blades    | 2 |  2.5
Shields        | 3 |  3.8
Armour         | 3 |  3.1
Fighting       | |  3.0

Action                   |  1- 3 |  4- 6 || total
-------------------------+-------+-------++-------
Melee: Long sword        |   174 |    23 ||   197
  Eat: Chunk             |     2 |       ||     2
Armor: Scale mail        |    17 |       ||    17
       Plate armour      |   165 |    82 ||   247
Dodge: Dodged            |    26 |     9 ||    35
Block: Kite shield       |   110 |    42 ||   152
       Rpst.: Long sword |     9 |     2 ||    11
